 Dungeon Crawl Stone Soup version 0.26.0-10-g1f06aea511 (webtiles) character file.

Game seed: 15609199266700031773

131 vatarom the Twirler (level 4, 0/52 HPs)
             Began as a Demonspawn Gladiator on Jan 17, 2021.
             Was a Follower of Cheibriados.
             Slain by an ogre
             ... wielding a +0 giant club
              (4 damage)
             ... on level 5 of the Dungeon.
             The game lasted 00:04:56 (2499 turns).

vatarom the Twirler (Demonspawn Gladiator)          Turns: 2499, Time: 00:04:56

Health: 0/52       AC: 22    Str: 18    XL:     4   Next: 91%
Magic:  4/4        EV:  2    Int: 13    God:    Cheibriados [*.....]
Gold:   130        SH:  0    Dex: 17    Spells: 3/3 levels left

rFire    . . .     SeeInvis .   a - +2 quarterstaff
rCold    . . .     Faith    .   (shield currently unavailable)
rNeg     + + +     Spirit   .   (armour currently unavailable)
rPois    +         Reflect  .   (helmet currently unavailable)
rElec    .         Harm     .   (cloak currently unavailable)
rCorr    .         Rampage  .   (gloves currently unavailable)
Will     .....     NoTele   +   (boots currently unavailable)
Stlth    ++........             (no amulet)
HPRegen  0.17/turn              n - ring of positive energy
MPRegen  0.09/turn              (no ring)

@: tree-form, very slow
A: no striking features
a: Renounce Religion, Bend Time


You were on level 5 of the Dungeon.
You worshipped Cheibriados.
Cheibriados was aware of your devotion.
You were a tree.
You visited 1 branch of the dungeon, and saw 5 of its levels.

You collected 130 gold pieces.

Inventory:

Hand Weapons
 a - a +2 quarterstaff (weapon)
Missiles
 d - a throwing net (quivered) {!f}
Armour
 b - a +0 leather armour (melded)
 c - a +0 helmet
 h - a +0 pair of boots (melded)
 l - a +0 cloak (melded)
Jewellery
 n - a ring of positive energy (left branch)
 s - an uncursed ring of positive energy
Wands
 q - a wand of polymorph (3)
Scrolls
 f - 2 scrolls of enchant armour
 i - a scroll of fog {unknown}
 j - a scroll of remove curse {@r2}
 p - a scroll of immolation {unknown}
 r - 3 scrolls of enchant weapon
 t - 2 scrolls of magic mapping


   Skills:
 + Level 3.2 Fighting
 * Level 4.4 Staves
 - Level 1.7 Throwing
 - Level 2.6 Dodging
 + Level 1.0 Invocations


You had 3 spell levels left.
You didn't know any spells.
Your spell library was empty.

Dungeon Overview and Level Annotations

Branches:
Dungeon (6/15)
 Temple: D:4-7

Altars:
Cheibriados


Innate Abilities, Weirdness & Mutations

((You have a pair of small horns on your head.))
((When seriously injured, your bleeding wounds create armour. (AC +0)))
((You have very sharp fingernails.))


Message History

* * * LOW HITPOINT WARNING * * *
Your blood congeals into armour.
The leopard gecko skeleton barely misses you.
Really quaff the potion of lignification?
Okay, then.
Really quaff the potion of lignification?
You turn into a tree.
Your +0 cloak melds into your body.
Your +0 pair of boots melds into your body.
Your +0 leather armour melds into your body.
Your roots penetrate the ground.
Your blood armour dries and flakes away.
The ogre barely misses you.
The leopard gecko skeleton bites you but does no damage.
Unknown command.
You thump the ogre!
The ogre is severely wounded.
The leopard gecko skeleton bites you.
* * * LOW HITPOINT WARNING * * *
The ogre hits you with a +0 giant club.
You die...

*,,* *,*,,**,,,,,**
*******,,* *,*,,***,,,,*
,,,,,,,,,* *,*,,* **,*,*
******,,,***,,,,****,*,*
,,,,,,,,,,,,,,,,,,,,,*,*
*****,,,*****,********,*
*,,,* *,* *## *,*
*****,,,* #.###.## *,*
,,,,,,,,* #.)O♣..# *,*
*****,,,* #####Z## *,*
,,,,,,,,* *.# *,*
*****,,,* **.#* *,*
,,,,,,,,* **,..***,*
******,,* **,,..,**,*
,,,,>,,,******,,,...,*,*
******,,,,,,,,,,,...,,,*
*,*******,,,,,,,***


You could see an ogre and a leopard gecko skeleton.

Vanquished Creatures
  Terence (D:2)
  A worker ant (D:5)
  Robin (D:2)
  An adder (D:2)
  A shadow imp (D:5)
  2 worms (D:2)
  3 dart slugs
  A leopard gecko (D:1)
  13 goblins
  6 hobgoblins
  7 bats
  2 frilled lizards (D:1)
  4 rats
43 creatures vanquished.

Notes
Turn   | Place    | Note
-------+----------+-------------------------------------------
     0 | D:1      | vatarom the Demonspawn Gladiator began the quest for the
                  | Orb.
     0 | D:1      | Reached XP level 1. HP: 16/16 MP: 1/1
     2 | D:1      | Noticed a centaur
     4 | D:1      | Noticed a demonspawn
     4 | D:1      | Noticed a minotaur
     6 | D:1      | Noticed a dwarf
     6 | D:1      | Noticed a formicid
     8 | D:1      | Noticed a halfling
    10 | D:1      | Noticed a human
    10 | D:1      | Noticed a demigod
    12 | D:1      | Noticed a tengu
    14 | D:1      | Noticed a gargoyle
    14 | D:1      | Noticed a spriggan
    16 | D:1      | Noticed a merfolk
    48 | D:1      | Noticed a draconian
    48 | D:1      | Noticed a vine stalker
    50 | D:1      | Noticed a vampire
    50 | D:1      | Noticed a felid
    52 | D:1      | Noticed an elf
    52 | D:1      | Noticed a naga
    54 | D:1      | Noticed an octopode
    54 | D:1      | Noticed an ogre
    56 | D:1      | Noticed a ghoul
    56 | D:1      | Noticed a troll
   199 | D:1      | Reached skill level 3 in Staves
   365 | D:1      | Gained mutation: When seriously injured, your bleeding
                  | wounds create armour. (AC +0) [demonic ancestry]
   365 | D:1      | Reached XP level 2. HP: 22/22 MP: 2/2
   908 | D:2      | Noticed Terence
   962 | D:2      | Killed Terence
   963 | D:2      | Reached XP level 3. HP: 22/28 MP: 3/3
  1042 | D:2      | Found a faded altar of an unknown god.
  1063 | D:2      | Reached skill level 4 in Staves
  1128 | D:2      | Gained mutation: You have sharp fingernails. [potion of
                  | mutation]
  1128 | D:2      | Gained mutation: You have very sharp fingernails. [potion
                  | of mutation]
  1284 | D:2      | Gained mutation: You have a pair of small horns on your
                  | head. [demonic ancestry]
  1284 | D:2      | Reached XP level 4. HP: 31/34 MP: 4/4
  1315 | D:2      | Became a worshipper of Cheibriados the Contemplative
  1315 | D:2      | Reached * piety under Cheibriados
  1645 | D:2      | Noticed Robin
  1667 | D:2      | Killed Robin
  2218 | D:3      | You fall into a shaft and drop 3 floors!
  2228 | D:5      | Entered Level 5 of the Dungeon
  2236 | D:5      | Reached skill level 1 in Invocations
  2490 | D:5      | Noticed an ogre
  2499 | D:5      | Slain by an ogre

Illustrated notes

Levels and vault maps discovered:
D:1:      kb_arrival_jail, layout_basic, minmay_tetromino_o2
D:2:      layout_rooms, chequers_ecumenical_altar_simple, uniq_robin,
          uniq_terence
D:3:      layout_basic, makhleb_altar_promises_db, general_overflow_altar
D:5:      layout_loops_ring, sigmund_army
D:6:      layout_rooms, kennysheep_vampire_church, basic_altar, serial_shops,
          shop, enter_ossuary_3, nicolae_qazlal_eye_of_the_storm

Skill      XL: |  1  2  3  4 |
---------------+-------------+-----
Staves         | 3 4 |  4.4
Fighting       | 3 |  3.2
Invocations    | 1 |  1.0
Throwing       | |  1.7
Dodging        | |  2.6

Action                   |  1- 3 |  4- 6 || total
-------------------------+-------+-------++-------
Melee: Quarterstaff      |    73 |    57 ||   130
       Unarmed           |     2 |       ||     2
       Headbutt          |       |    11 ||    11
Throw: Throwing net      |     2 |       ||     2
  Use: Scroll            |     3 |     5 ||     8
       Potion            |     1 |     9 ||    10
 Stab: Sleeping          |     1 |       ||     1
Armor: Leather armour    |    21 |    22 ||    43
       Skin              |       |     1 ||     1
Dodge: Dodged            |    41 |    39 ||    80
